 Dungeon Crawl Stone Soup version 0.22.1-5-g62c59d919a (webtiles) character file.

2863 Riddle the Skirmisher (level 10, -9/79 HPs)
             Began as a Formicid Earth Elementalist on Jan 12, 2019.
             Was an Initiate of Gozag.
             Mangled by an orc warrior
             ... wielding a +0 flail
              (23 damage)
             ... on level 7 of the Dungeon.
             The game lasted 00:28:28 (10143 turns).

Riddle the Skirmisher (FoEE)                       Turns: 10143, Time: 00:28:29

Health: -9/79      AC:  3    Str: 15    XL:     10   Next: 4%
Magic:  12/16      EV: 15    Int: 17    God:    Gozag
Gold:   1125       SH:  0    Dex: 15    Spells: 14/17 levels left

rFire    . . .     SeeInvis +   B - +10 dagger of Trauma {holy, Str+2 Dex+3}
rCold    . . .     Gourm    +   (no shield)
rNeg     . . .     Faith    .   i - +0 robe
rPois    +         Spirit   .   (helmet unavailable)
rElec    .         Reflect  .   e - +0 cloak
rCorr    +         Harm     .   (no gloves)
MR       +....                  (no boots)
Stlth    +++.......             E - amulet of the gourmand
HPRegen  0.23/turn              n - ring of poison resistance
MPRegen  0.15/turn              p - ring of resist corrosion

@: no status effects
A: permanent stasis, dig shafts and tunnels, four strong arms, antennae 3
a: Dig, Shaft Self, Potion Petition, Call Merchant, Bribe Branch, Renounce
Religion


You were on level 7 of the Dungeon.
You worshipped Gozag.
Gozag was most pleased with you.
You were very hungry.

You visited 1 branch of the dungeon, and saw 7 of its levels.

You collected 1137 gold pieces.
You paid 12 gold pieces to Gozag.

Inventory:

Hand Weapons
 x - a +2 rapier of flaming
 B - the +10 dagger of Trauma (weapon) {holy, Str+2 Dex+3}
   (You found it on level 5 of the Dungeon)

   It has been blessed by the Shining One to cause great damage to the undead
   and demons.
   It affects your strength (+2).
   It affects your dexterity (+3).
Missiles
 b - 156 stones (quivered)
Armour
 e - a +0 cloak (worn)
 i - a +0 robe (worn)
Jewellery
 n - a ring of poison resistance (left hand)
 p - a ring of resist corrosion (right hand)
 t - an uncursed ring of magical power {unknown}
 y - an uncursed ring of protection from magic {unknown}
 z - an uncursed ring of stealth {unknown}
 C - a +6 ring of protection {unknown}
 E - an amulet of the gourmand (around neck)
Wands
 a - a wand of paralysis (16)
 s - a wand of digging (15)
Scrolls
 c - a scroll of amnesia {unknown}
 f - 2 scrolls of enchant weapon {unknown}
 g - 3 scrolls of remove curse {unknown}
 h - a scroll of enchant armour {unknown}
 j - 3 scrolls of immolation {unknown}
 l - 2 scrolls of random uselessness {unknown}
 o - 9 scrolls of identify {unknown}
 r - 4 scrolls of magic mapping {unknown}
 u - 4 scrolls of teleportation {unknown}
 D - a scroll of vulnerability {unknown}
 F - a scroll of blinking {unknown}
 G - 2 scrolls of fear {unknown}
Potions
 d - 2 potions of degeneration {unknown}
 k - 2 potions of heal wounds {unknown}
 m - a potion of flight {unknown}
 q - 2 potions of lignification {unknown}
 v - 2 potions of mutation {unknown}
 A - a potion of curing {unknown}
Comestibles
 w - 8 rations


   Skills:
 - Level 7.0 Fighting
 + Level 6.8 Short Blades
 - Level 5.0 Dodging
 - Level 6.0 Stealth
 + Level 4.1 Spellcasting
 + Level 4.2 Transmutations
 - Level 5.0 Earth Magic


You had 14 spell levels left.
You knew the following spells:

 Your Spells              Type           Power        Failure   Level  Hunger
a - Sandblast             Erth           ###...       1%          1    None
b - Passwall              Tmut/Erth      ###.....     3%          2    ##.....

Your spell library contained the following spells:

 Spells                   Type           Power        Failure   Level  Hunger
 Stone Arrow              Conj/Erth      ##....       17%         3    ###....
 Petrify                  Tmut/Erth      ###.....     24%         4    ####...
 Lee's Rapid Deconstruct  Erth           ###.......   50%         5    ######.


Dungeon Overview and Level Annotations

Branches:
Dungeon (7/15)
 Temple: D:4-7

Altars:
Gozag
Wu Jian

Annotations:
D:7 1 runed door, Skippwaahh's ghost, novice VSTm


Innate Abilities, Weirdness & Mutations

You cannot be hasted, slowed, berserked, paralysed or teleported.
You can dig through walls and to a lower floor.
Your four strong arms can wield two-handed weapons with a shield.
You have a pair of large antennae on your head. (SInv)


Message History

The orc warrior misses you.
You hit the orc warrior but do no damage.
The orc warrior is heavily wounded.
The orc warrior misses you.
You hit the orc warrior.
The orc warrior is severely wounded.
You hit the orc warrior.
The orc warrior is severely wounded.
The orc warrior closely misses you.
You barely miss the orc warrior.
The orc warrior is severely wounded.
You barely miss the orc warrior.
The orc warrior is severely wounded.
The orc warrior hits you with a flail!
* * * LOW HITPOINT WARNING * * *
You closely miss the orc warrior.
The orc warrior is severely wounded.
The orc warrior hits you with a flail!!
You die...
Your body crumbles into a pile of gold.

.##.####.# .......#.#
###.##.#.#
....##.#.#######
...............#
######.##.####.#
<...##......##.# ######
>...#####.#.##{####P.#.##
....# #.....{#@##8)+..#
....# ###.###o###{W#..#
....## #.# ### ####..#
.....# ... ##.## #.##.#
o..o# #..# #.##.# .#...#
#.## ..##.# #.##### #.#
####.###.# ##########.#
###
..#(..<..###..........#
#.##


You could see an orc warrior.

Vanquished Creatures
  Pikel (D:6)
  A hippogriff (D:7)
  Grinder (D:6)
  Eustachio (D:6)
  2 orc warriors
  A black bear (D:6)
  A slave (D:6)
  2 centaurs
  5 ogres
  A wyvern zombie (D:6)
  A scorpion (D:4)
  A howler monkey (D:7)
  3 hounds
  3 orc priests
  A bullfrog skeleton (D:5)
  A centaur skeleton (D:5)
  An iguana (D:5)
  Natasha (thrice) (D:2)
  4 orc wizards
  Terence (D:3)
  7 worker ants
  A hound zombie (D:5)
  2 hound skeletons (D:6)
  9 adders
  6 gnolls
  A shadow imp (D:5)
  An ooze (D:3)
  An adder skeleton (D:6)
  2 worms (D:2)
  2 dart slugs
  2 leopard geckos
  13 orcs
  4 giant cockroaches
  6 goblins
  9 hobgoblins
  11 jackals
  4 quokkas
  2 ball pythons
  5 bats
  8 frilled lizards
  4 kobolds
  A quokka skeleton (D:4)
  4 rats
140 creatures vanquished.

Vanquished Creatures (others)
  2 slaves (D:6)
  A hound (D:6)
  An orc (D:6)
  A plant (D:5)
  5 toadstools (D:1)
  A withered plant (D:7)
11 creatures vanquished.

Grand Total: 151 creatures vanquished

Notes
Turn   | Place    | Note
-------+----------+-------------------------------------------
     0 | D:1      | Riddle the Formicid Earth Elementalist began the quest for
                  | the Orb.
     0 | D:1      | Reached XP level 1. HP: 13/13 MP: 3/3
   471 | D:1      | Reached XP level 2. HP: 4/19 MP: 1/5
  1532 | D:2      | Found an opulent altar of Gozag.
  1541 | D:2      | Became a worshipper of Gozag Ym Sagoz the Greedy
  1566 | D:2      | Reached XP level 3. HP: 14/24 MP: 3/6
  2518 | D:2      | Noticed Natasha
  2544 | D:2      | Reached XP level 4. HP: 16/30 MP: 6/8
  2928 | D:2      | Killed Natasha
  3030 | D:2      | Learned a level 2 spell: Passwall
  3031 | D:2      | Noticed Natasha
  3036 | D:2      | Killed Natasha
  3036 | D:2      | Reached XP level 5. HP: 30/35 MP: 5/9
  3315 | D:2      | Noticed Natasha
  3320 | D:2      | Killed Natasha
  4233 | D:3      | Reached skill level 5 in Earth Magic
  4241 | D:3      | Reached XP level 6. HP: 28/42 MP: 11/11
  4426 | D:3      | Reached skill level 1 in Fighting
  4426 | D:3      | Reached skill level 1 in Short Blades
  5084 | D:3      | Reached skill level 2 in Fighting
  5603 | D:3      | Noticed Terence
  5621 | D:3      | Killed Terence
  5980 | D:4      | Reached XP level 7. HP: 46/51 MP: 8/12
  6126 | D:4      | Reached skill level 3 in Fighting
  6612 | D:5      | Entered Level 5 of the Dungeon
  6958 | D:5      | Reached skill level 4 in Fighting
  7158 | D:5      | Found an ornate altar of the Wu Jian Council.
  7223 | D:5      | Got a polished dagger
  7224 | D:5      | Identified the +10 dagger of Trauma {holy, Str+2 Dex+3}
                  | (You found it on level 5 of the Dungeon)
  7240 | D:5      | Reached XP level 8. HP: 45/61 MP: 13/13
  7276 | D:5      | Reached skill level 5 in Fighting
  7917 | D:5      | Reached skill level 5 in Short Blades
  8341 | D:6      | Reached skill level 6 in Fighting
  8418 | D:6      | Noticed Grinder
  8432 | D:6      | Killed Grinder
  8432 | D:6      | Reached XP level 9. HP: 64/69 MP: 14/14
  8498 | D:6      | Noticed Pikel
  8503 | D:6      | Killed Pikel
  8503 | D:6      | Reached skill level 5 in Stealth
  9101 | D:6      | Reached skill level 7 in Fighting
  9637 | D:6      | Noticed Eustachio
  9648 | D:6      | Killed Eustachio
  9728 | D:7      | Found a runed door.
  9729 | D:7      | Noticed Skippwaahh's ghost (novice VSTm)
  9975 | D:7      | Noticed a hippogriff
  9978 | D:7      | Killed a hippogriff
  9978 | D:7      | Reached skill level 5 in Dodging
  9978 | D:7      | Reached XP level 10. HP: 79/79 MP: 14/16
 10143 | D:7      | Mangled by an orc warrior

Skill      XL: |  1  2  3  4  5  6  7  8  9 |
---------------+----------------------------+-----
Stealth        | 3 4 6 |  6.0
Earth Magic    | 4 5 |  5.0
Dodging        | 2 3 5 |  5.0
Spellcasting   | 3 4 |  4.1
Transmutations | 2 4 |  4.2
Fighting       | 2 4 6 7 |  7.0
Short Blades   | 2 4 5 6 |  6.8

Action                   |  1- 3 |  4- 6 |  7- 9 | 10-12 || total
-------------------------+-------+-------+-------+-------++-------
Melee: Club              |   147 |    12 |       |       ||   159
       Short sword       |       |   183 |     5 |       ||   188
       Rapier            |       |       |    61 |       ||    61
       Dagger            |       |       |   148 |    20 ||   168
 Cast: Sandblast         |     8 |    40 |    34 |     5 ||    87
       Passwall          |       |       |     1 |       ||     1
 Abil: Dig               |       |       |     7 |     1 ||     8
 Stab: Sleeping          |     6 |     9 |    14 |       ||    29
       Distracted        |       |     1 |       |       ||     1
  Eat: Chunk             |     2 |       |       |       ||     2
       Ration            |     1 |     3 |     4 |       ||     8
Armor: Robe              |    31 |    32 |    15 |       ||    78
Dodge: Dodged            |   105 |   147 |   106 |     9 ||   367
